 Dungeon Crawl Stone Soup version 0.22.0-25-g7663229 (webtiles) character file.

8862 sking99 the Fighter (level 11, -1/120 HPs)
             Began as an Ogre Venom Mage on Aug 20, 2018.
             Was a Priest of Vehumet.
             Slain by a black bear (2 damage)
             ... on level 10 of the Dungeon.
             The game lasted 00:50:34 (17725 turns).

sking99 the Fighter (Ogre Venom Mage)              Turns: 17725, Time: 00:50:34

Health: -1/120     AC:  6    Str: 14    XL:     11   Next: 37%
Magic:  14/23      EV: 11    Int: 21    God:    Vehumet [***...]
Gold:   632        SH:  0    Dex:  9    Spells: 6/26 levels left

rFire    . . .     SeeInvis .   j - +1 whip
rCold    . . .     Gourm    .   (no shield)
rNeg     . . .     Faith    .   a - +0 troll leather armour
rPois    .         Spirit   .   (helmet restricted)
rElec    .         Reflect  .   v - +0 cloak
rCorr    .         Harm     .   (gloves unavailable)
MR       ++...                  (boots unavailable)
Stlth    +.........             (no amulet)
HPRegen  0.70/turn              r - ring of protection from magic
MPRegen  0.18/turn              y - +2 ring of intelligence

@: confused, about to teleport
A: large, unfitting armour, tough skin 1
a: Renounce Religion


You were on level 10 of the Dungeon.
You worshipped Vehumet.
Vehumet was most pleased with you.
You were hungry.

You visited 2 branches of the dungeon, and saw 11 of its levels.

You collected 632 gold pieces.

Inventory:

Hand Weapons
 j - a +1 whip (weapon)
Armour
 a - a +0 troll leather armour (worn)
 v - a +0 cloak (worn)
 K - a +2 robe of positive energy
Jewellery
 b - an uncursed ring of positive energy
 i - a +1 ring of protection
 k - an uncursed ring of resist corrosion
 m - a +3 ring of dexterity
 r - a ring of protection from magic (left hand)
 y - a +2 ring of intelligence (right hand)
 H - a +2 ring of protection
Wands
 h - a wand of acid (13)
 p - a wand of random effects (25)
 w - a wand of iceblast (12)
 z - a wand of digging (14)
 C - a wand of flame (44)
 J - a wand of disintegration (8)
Scrolls
 g - 4 scrolls of remove curse
 l - 4 scrolls of immolation
 s - a scroll of amnesia {unknown}
 t - a scroll of noise {unknown}
 u - a scroll of enchant weapon
 x - a scroll of fog
 D - 2 scrolls of identify
 F - a scroll of enchant armour
 I - a scroll of magic mapping
 M - a scroll of teleportation
Potions
 d - 2 potions of flight
 e - a potion of ambrosia
 f - 2 potions of berserk rage
 n - 2 potions of curing
 o - a potion of invisibility
 q - a potion of haste
 A - 2 potions of agility
 B - 2 potions of cancellation
 E - 2 potions of might
 G - 2 potions of lignification {unknown}
Comestibles
 c - 7 rations


   Skills:
 - Level 11.0 Fighting
 + Level 2.5 Armour
 - Level 6.1 Dodging
 - Level 1.4 Stealth
 - Level 8.0 Spellcasting
 + Level 5.5 Conjurations
 - Level 2.4 Ice Magic
 - Level 3.1 Air Magic
 + Level 1.1 Earth Magic
 - Level 8.1 Poison Magic


You had 6 spell levels left.
You knew the following spells:

 Your Spells              Type           Power        Failure   Level  Hunger
a - Sting                 Conj/Pois      ####         1%          1    None
b - Poisonous Vapours     Pois/Air       ####..       1%          2    None
c - Mephitic Cloud        Conj/Pois/Air  ####....     1%          3    None
d - Magic Dart            Conj           ####         1%          1    None
e - Olgreb's Toxic Radia  Pois           #####...     1%          4    ###....
f - Freeze                Ice            ###.         1%          1    None
g - Venom Bolt            Conj/Pois      #####.....   4%          5    #####..
h - Stone Arrow           Conj/Erth      ###...       2%          3    None

Your spell library contained the following spells:

 Spells                   Type           Power        Failure   Level  Hunger
 Searing Ray              Conj           ####..       1%          2    None
 Dazzling Spray           Conj/Hex       ###...       2%          3    None
 Iskenderun's Mystic Bla  Conj           ####....     2%          4    ###....
 Ensorcelled Hibernation  Hex/Ice        ##....       9%          2    None
 Force Lance              Conj/Tloc      ###.....     9%          4    ###....
 Fulminant Prism          Conj/Hex       ###.......   9%          4    ###....
 Corona                   Hex            #......      10%         1    None
 Confuse                  Hex            #.......     28%         3    None
 Tukima's Dance           Hex            #.......     28%         3    None


Dungeon Overview and Level Annotations

Branches:
Dungeon (10/15)            Temple (1/1) D:4
   Lair: D:8-11         Orc: D:9-12

Altars:
Ashenzari
Cheibriados
Dithmenos
Elyvilon
Fedhas
Gozag
Hepliaklqana
Kikubaaqudgha
Makhleb
Nemelex Xobeh
Okawaru
Qazlal
Ru
Sif Muna
Trog
Uskayaw
Vehumet
Wu Jian
Xom
Yredelemnul
Zin
The Shining One

Shops:
D:10 :


Innate Abilities, Weirdness & Mutations

You are too large for most types of armour.
You have tough skin. (AC +1)


Message History

* * * LOW HITPOINT WARNING * * *
The black bear closely misses you.
Okay, then.
As you read the scroll of teleportation, it crumbles to dust.
You feel strangely unstable.
The yak looks more healthy.
The fire dragon bites you!
* * * LOW HITPOINT WARNING * * *
The fire dragon barely misses you. The fire dragon tramples you.
* * * LOW HITPOINT WARNING * * *
You stumble backwards!
You are confused.
You feel invigorated.
The fire dragon bites you but does no damage.
The fire dragon claws you but does no damage.
The fire dragon tramples you.
* * * LOW HITPOINT WARNING * * *
You hold your ground!
The yak gores you.
* * * LOW HITPOINT WARNING * * *
The black bear bites you.
You die...

#...##..##....##...#
#...##+###.........##
#Y####..#......#....#
##.Y.....#.....##...##
#........#.....##...#
##..###..########...##
#.†###..##....##....#
#..†....#...h.#..÷..#
#.(#.†..'...D@#.....# .
#.D##...##..Y.##...##
..##$.#######....##...##
..$.......<............#
.##...................#
#.!####.####'###....#
#..# #.####..##....#
..... ........##....#
...........%T....##....#


You could see a fire dragon, a yak and a black bear.

Vanquished Creatures
  Erica (D:9)
  A two-headed ogre (D:9)
  A deep troll (D:10)
  Pikel (D:7)
  Maurice (D:8)
  A komodo dragon (D:10)
  A troll (D:9)
  2 hippogriffs
  Sigmund (D:6)
  4 yaks (D:10)
  Eustachio (D:6)
  2 water moccasins (D:10)
  3 orc warriors
  2 black bears
  2 ice beasts
  4 sky beasts
  5 ogres
  5 centaurs
  2 big kobolds
  4 bullfrogs
  A wyvern skeleton (D:7)
  A scorpion (D:9)
  10 killer bees
  A jelly (D:10)
  A bullfrog zombie (D:5)
  4 crimson imps
  2 centaur zombies
  13 orc wizards
  4 orc priests
  4 hounds
  A centaur skeleton (D:10)
  Terence (D:2)
  An iguana (D:7)
  9 worker ants
  A hound zombie (D:7)
  A hound skeleton (D:7)
  A worker ant zombie (D:7)
  A howler monkey skeleton (D:7)
  14 adders
  5 shadow imps
  2 oozes (D:3)
  An adder zombie (D:9)
  3 worms
  6 dart slugs
  9 leopard geckos
  35 orcs
  A ball python (D:2)
  9 bats
  4 giant cockroaches
  10 goblins
  15 hobgoblins
  12 jackals
  10 kobolds
  4 quokkas
  10 frilled lizards
  5 rats
256 creatures vanquished.

Vanquished Creatures (others)
  A hungry ghost (D:7)
  An ice beast (D:7)
  2 slaves (D:7)
  An adder (D:7)
5 creatures vanquished.

Grand Total: 261 creatures vanquished

Notes
Turn   | Place    | Note
-------+----------+-------------------------------------------
     0 | D:1      | sking99 the Ogre Venom Mage began the quest for the Orb.
     0 | D:1      | Reached XP level 1. HP: 16/16 MP: 3/3
    69 | D:1      | Reached skill level 1 in Conjurations
   130 | D:1      | Reached XP level 2. HP: 9/24 MP: 0/5
   779 | D:1      | Reached XP level 3. HP: 31/31 MP: 1/7
  1194 | D:1      | Learned a level 2 spell: Poisonous Vapours
  1198 | D:1      | Learned a level 3 spell: Mephitic Cloud
  1756 | D:2      | Noticed Terence
  1948 | D:2      | Killed Terence
  1948 | D:2      | Reached XP level 4. HP: 39/39 MP: 0/9
  2106 | D:2      | Reached skill level 1 in Air Magic
  2276 | D:2      | Found a basalt altar of Yredelemnul.
  2276 | D:2      | Found an ornate altar of the Wu Jian Council.
  2617 | D:2      | Reached XP level 5. HP: 45/45 MP: 8/10
  4554 | D:3      | Reached XP level 6. HP: 53/53 MP: 5/12
  4762 | D:3      | Found a sparkling altar of Nemelex Xobeh.
  5532 | D:4      | Found a staircase to the Ecumenical Temple.
  5539 | Temple   | Entered the Ecumenical Temple
  5738 | Temple   | Became a worshipper of Vehumet
  5992 | D:4      | Learned a level 4 spell: Olgreb's Toxic Radiance
  6386 | D:4      | Reached XP level 7. HP: 55/59 MP: 4/13
  6540 | D:5      | Entered Level 5 of the Dungeon
  7172 | D:5      | Found a shattered altar of Ashenzari.
  7419 | D:5      | Reached skill level 5 in Spellcasting
  7726 | D:5      | Reached * piety under Vehumet
  7726 | D:5      | Offered knowledge of Freeze by Vehumet.
  7729 | D:5      | Learned a level 1 spell: Freeze
  7797 | D:5      | Reached skill level 1 in Ice Magic
  7797 | D:5      | Reached skill level 5 in Poison Magic
  8262 | D:6      | Reached XP level 8. HP: 66/67 MP: 6/15
  8342 | D:6      | Noticed Eustachio
  8355 | D:6      | Killed Eustachio
  8565 | D:5      | HP: 3/67 [ice beast (7)]
  9818 | D:6      | Found a sacrificial altar of Ru.
  9847 | D:6      | Reached skill level 1 in Fighting
 10005 | D:6      | Noticed Sigmund
 10013 | D:6      | Killed Sigmund
 10013 | D:6      | Reached skill level 2 in Fighting
 10013 | D:6      | Reached XP level 9. HP: 66/80 MP: 4/16
 10311 | D:7      | Reached skill level 3 in Fighting
 10713 | D:7      | Reached ** piety under Vehumet
 10713 | D:7      | Offered knowledge of Sandblast by Vehumet.
 10866 | D:7      | Reached skill level 4 in Fighting
 11325 | D:7      | Noticed Pikel
 11340 | D:7      | Killed Pikel
 11340 | D:7      | Reached skill level 6 in Fighting
 11690 | D:7      | Reached skill level 5 in Dodging
 12172 | D:7      | Learned a level 1 spell: Magic Dart
 12493 | D:7      | Reached skill level 7 in Fighting
 13166 | D:8      | Found a white marble altar of Elyvilon.
 13183 | D:8      | Found an iron altar of Okawaru.
 13453 | D:8      | Noticed Maurice
 13486 | D:8      | Killed Maurice
 13486 | D:8      | Reached skill level 8 in Fighting
 13486 | D:8      | Reached XP level 10. HP: 105/105 MP: 9/17
 13962 | D:8      | Found a bloodstained altar of Trog.
 13962 | D:8      | Found a deep blue altar of Sif Muna.
 13962 | D:8      | Found an opulent altar of Gozag.
 14326 | D:9      | Noticed Erica
 14347 | D:9      | Killed Erica
 14347 | D:9      | Reached skill level 9 in Fighting
 15120 | D:9      | Reached skill level 10 in Fighting
 15677 | D:9      | Noticed a two-headed ogre
 15703 | D:9      | Killed a two-headed ogre
 16088 | D:9      | Reached skill level 11 in Fighting
 16329 | D:9      | Learned a level 5 spell: Venom Bolt
 16330 | D:10     | Entered Level 10 of the Dungeon
 16341 | D:10     | Offered knowledge of Stone Arrow by Vehumet.
 16682 | D:9      | Reached XP level 11. HP: 73/120 MP: 4/23
 16877 | D:10     | Found Ranuats's Book Shop.
 16931 | D:10     | Reached skill level 1 in Armour
 17076 | D:10     | Learned a level 3 spell: Stone Arrow
 17099 | D:10     | Reached *** piety under Vehumet
 17234 | D:10     | Reached skill level 5 in Conjurations
 17393 | D:10     | Noticed a deep elf archer
 17401 | D:10     | Noticed a deep troll
 17604 | D:10     | Killed a deep troll
 17707 | D:10     | Noticed a fire dragon
 17716 | D:10     | Reached skill level 1 in Earth Magic
 17724 | D:10     | HP: 5/120 [fire dragon (15)]
 17725 | D:10     | HP: 1/120 [yak (4)]
 17725 | D:10     | Slain by a black bear

Skill      XL: |  1  2  3  4  5  6  7  8  9 10 11 |
---------------+----------------------------------+-----
Conjurations   | 1 2 3 4 5 |  5.5
Poison Magic   | 3 4 5 7 8 |  8.1
Spellcasting   | 3 4 5 8 |  8.0
Air Magic      | 1 2 3 |  3.1
Ice Magic      | 1 2 |  2.4
Dodging        | 2 6 |  6.1
Fighting       | 2 8 11 | 11.0
Armour         | 2 |  2.5
Earth Magic    | 1 |  1.1
Stealth        | |  1.4

Action                   |  1- 3 |  4- 6 |  7- 9 | 10-12 || total
-------------------------+-------+-------+-------+-------++-------
Melee: Unarmed           |    31 |       |       |       ||    31
       Whip              |       |    22 |   323 |    48 ||   393
 Cast: Sting             |    88 |   195 |   269 |   128 ||   680
       Poisonous Vapours |     1 |     9 |    81 |    98 ||   189
       Mephitic Cloud    |     1 |       |     2 |    10 ||    13
       Magic Dart        |       |       |    32 |    61 ||    93
       Freeze            |       |       |    13 |    16 ||    29
       Olgreb's Toxic Ra |       |       |       |     8 ||     8
  Use: Scroll            |       |    13 |     8 |     1 ||    22
       Potion            |       |       |     2 |     1 ||     3
 Stab: Confused          |       |       |       |     1 ||     1
  Eat: Chunk             |     3 |    14 |    12 |    10 ||    39
       Ration            |       |       |     3 |     1 ||     4
Armor: Robe              |    28 |    22 |   137 |    31 ||   218
       Troll leather arm |       |       |       |    32 ||    32
Dodge: Dodged            |    41 |    41 |   246 |   137 ||   465
